 Dungeon Crawl Stone Soup version 0.29.1-13-g9f3cf754e1 (webtiles) character file.

Game seed: 13769273566257696704

142 shadowmeld the Insei (level 5, -4/37 HPs)
             Began as a Djinni Transmuter on Jan 31, 2023.
             Killed by divine providence
             ... invoked by an orc priest
              (15 damage)
             ... on level 4 of the Dungeon.
             The game lasted 00:14:19 (4533 turns).

shadowmeld the Insei (Djinni Transmuter)            Turns: 4533, Time: 00:14:19

Health: -4/37      AC:  2    Str:  9    XL:     5   Next: 50%
Gold:   164        EV: 13    Int: 16    God:
                   SH:  0    Dex: 20

rFire   + + .      SeeInvis .     - Unarmed
rCold   x . .      Faith    .   (no shield)
rNeg    . . .      Spirit   .   a - +0 robe
rPois   ∞          Reflect  .   (helmet currently unavailable)
rElec   .          Harm     .   s - scarf {repulsion}
rCorr   .          Rampage  .   (no gloves)
Will    .....                   (boots unavailable)
Stlth   ++........              v - amulet of the acrobat
HPRegen 0.12/turn               j - +6 ring of dexterity
MPRegen 0.00/turn               (no ring)

@: appendages, flying, repel missiles
A: horns 2, flying, sickness immunity, fire resistance 2, cold vulnerability 1,
float, innate caster, HP casting, extra vitality 1
a: End Transformation


You were on level 4 of the Dungeon.
You had temporarily grown beastly horns.
You visited 1 branch of the dungeon, and saw 4 of its levels.

You collected 164 gold pieces.

Inventory:

Armour
 a - a +0 robe (worn)
 s - a scarf of repulsion (worn)
Jewellery
 j - a +6 ring of dexterity (left hand)
 v - an amulet of the acrobat (around neck)
 w - an amulet of reflection
Scrolls
 b - a scroll of identify {unknown}
 d - a scroll of teleportation
 e - a scroll of fog {unknown}
 f - a scroll of brand weapon {unknown}
 g - 2 scrolls of vulnerability {unknown}
 h - 2 scrolls of noise {unknown}
 k - 3 scrolls of enchant weapon
 l - a scroll of silence {unknown}
 m - a scroll of magic mapping {unknown}
 n - a scroll of enchant armour {unknown}
 o - a scroll of fear {unknown}
 p - a scroll of blinking {unknown}
 t - a scroll of immolation {unknown}
Potions
 c - a potion of heal wounds {unknown}
 i - a potion of invisibility {unknown}
 q - a potion of flight {unknown}
 r - a potion of curing {unknown}
 u - a potion of cancellation {unknown}


   Skills:
 + Level 1.0 Fighting
 + Level 2.7 Dodging
 + Level 0.8 Stealth
 + Level 4.1 Unarmed Combat
 + Level 3.0 Spellcasting


You couldn't memorise any spells.
You knew the following spells:

 Your Spells              Type           Power      Damage    Failure   Level
a - Beastly Appendage     Tmut           24%        N/A       5%          1
b - Wereblood             Tmut           12%        N/A       9%          2
c - Spider Form           Tmut/Pois      12%        N/A       16%         3
d - Ice Form              Ice/Tmut       12%        N/A       47%         4
e - Necrotise             Necr           48%        1d6       5%          1
f - Poisonous Vapours     Pois/Air       24%        N/A       9%          2
Your spell library was empty.

Dungeon Overview and Level Annotations

Branches:
Dungeon (4/15)
 Temple: D:4-7

Altars:


Innate Abilities, Weirdness & Mutations

You have temporarily grown beastly horns.
You are flying.
You are immune to sickness and miasma.
You are immune to poison.
Your flesh is very heat resistant. (rF++)
You are vulnerable to cold. (rC-)
You float through the air rather than walking.
You learn spells naturally, not from books.
Your magical power is your life essence.
You have superior vitality. (+4 MHP)


Message History

The orc wizard gestures at your orc skeleton while chanting.
The magic dart hits your orc skeleton!
Your orc skeleton is destroyed!
The orc wizard shouts!
Casting: Necrotise (safe; 5% risk of failure)
Confirm with . or Enter, or press ? or * to list all spells.
Aiming: Necrotise (safe; 5% risk of failure)
Press: ? - help, Shift-Dir - straight line, f/p - orc wizard
Aim: an orc wizard, wielding a +0 dagger and wearing a +0 robe (almost dead, chance to affect: 67%)
The orc wizard writhes in agony.
The orc wizard points at you and mumbles some strange words.
You resist with some effort.
Casting: Necrotise (safe; 5% risk of failure)
Confirm with . or Enter, or press ? or * to list all spells.
Aiming: Necrotise (safe; 5% risk of failure)
Press: ? - help, Shift-Dir - straight line, f/p - orc wizard
Aim: an orc wizard, wielding a +0 dagger and wearing a +0 robe (almost dead, chance to affect: 67%)
The orc wizard struggles to resist.
The orc wizard barely misses you.
The orc priest hits you with a +0 war axe!
* * * LOW HITPOINT WARNING * * *
Casting: Necrotise (safe; 5% risk of failure)
Confirm with . or Enter, or press ? or * to list all spells.
You grow a pair of large bovine horns.
* * * LOW HITPOINT WARNING * * *
The orc wizard misses you.
The orc priest hits you but does no damage.
You hit the orc wizard but do no damage.
Your headbutt misses the orc wizard.
The orc wizard is almost dead.
You hit the orc wizard.
You kill the orc wizard!
The orc priest begins to cast a cantrip, but forgets the words!
You hit the orc priest but do no damage.
The orc priest is heavily wounded.
The orc priest barely misses you.
You barely miss the orc priest. Your headbutt misses the orc priest.
The orc priest is heavily wounded.
The orc priest invokes the aid of Beogh against you.
Beogh smites you!
You die...

#......## ##...........
#....##..###....#.......
.....###..#....#..##....
...... ###.......#####..
......# #..#.....# ##.
.......##..##....# #.
#.......####...# ####.
###....## ##..###....
##.@.# #.........
#.....o).# ###.....###.
###........#....#####..
#....).....##..###...
##.......#####.....#.
.......## #..#.####
#.......# #.###.#
##.....## ### #.# ###


You could see an orc priest.

Vanquished Creatures
  An orc wizard (D:4)
  5 adders
  2 worms (D:2)
  3 orcs
  6 ball pythons
  4 bats
  8 endoplasms
  4 giant cockroaches
  4 hobgoblins
  4 quokkas
  4 frilled lizards
  4 goblins
  4 kobolds
  3 rats
56 creatures vanquished.

Vanquished Creatures (collateral kills)
  A ball python (D:2)
  2 goblins (D:2)
  A quokka (D:2)
  A frilled lizard (D:3)
5 creatures vanquished.

Grand Total: 61 creatures vanquished

Notes
Turn   | Place    | Note
-------+----------+-------------------------------------------
     0 | D:1      | shadowmeld the Djinni Transmuter began the quest for the
                  | Orb.
     0 | D:1      | shadowmeld set off with the following spells memorised:
                  | Beastly Appendage, Wereblood, Spider Form, Ice Form.
     0 | D:1      | Reached XP level 1. HP: 17/17 MP: 0/0
   668 | D:1      | Reached XP level 2. HP: 12/22 MP: 0/0
  1228 | D:1      | You are sucked into a shaft and drop 1 floor!
  1735 | D:1      | Reached XP level 3. HP: 22/27 MP: 0/0
  1735 | D:1      | Learned a level 1 spell: Necrotise
  2748 | D:2      | Reached XP level 4. HP: 23/32 MP: 0/0
  3307 | D:2      | Found a faded altar of an unknown god.
  3739 | D:3      | Reached XP level 5. HP: 34/37 MP: 0/0
  3739 | D:3      | Learned a level 2 spell: Poisonous Vapours
  3750 | D:3      | Reached skill level 4 in Unarmed Combat
  4533 | D:4      | Killed from afar by an orc priest

Illustrated notes

Levels and vault maps discovered:
D:1:      dpeg_arrival_fog, layout_loops_corners
D:2:      layout_basic, hellmonk_ecumenical_altar_inner_sanctum
D:3:      layout_basic, serial_glass, glass_columns_a, glass_columns_c
D:4:      layout_layer_cave, minmay_misc_feat_iff, uniq_sigmund

Skill      XL: |  1  2  3  4  5 |
---------------+----------------+-----
Spellcasting   | 2 3 |  3.0
Unarmed Combat | 4 |  4.1
Fighting       | |  1.0
Dodging        | |  2.7
Stealth        | |  0.8

Action                   |  1- 3 |  4- 6 || total
-------------------------+-------+-------++-------
Melee: Unarmed           |    67 |    19 ||    86
       Headbutt          |     9 |     1 ||    10
       Punch             |     1 |       ||     1
 Cast: Beastly Appendage |    18 |     4 ||    22
       Necrotise         |    49 |    53 ||   102
       Poisonous Vapours |       |     7 ||     7
  Use: Potion            |     1 |       ||     1
       Scroll            |       |     2 ||     2
Armor: Robe              |    17 |     4 ||    21
Dodge: Dodged            |    47 |    13 ||    60
